 Dungeon Crawl Stone Soup version 0.29-a0-757-g358383bc75 (webtiles) character file.

Game seed: 14009611347553011913

21 lesbiats the Slasher (level 3, -1/31 HPs)
             Began as a Meteoran Monk on July 1, 2022.
             Slain by an orc
             ... wielding a +0 hand axe
              (4 damage)
             ... on level 2 of the Dungeon.
             The game lasted 00:04:42 (578 turns).

lesbiats the Slasher (Meteoran Monk)                 Turns: 578, Time: 00:04:44

Health: -1/31      AC:  3    Str: 14    XL:     3   Next: 20%
Magic:  4/4        EV: 13    Int: 11    God:
Gold:   17         SH:  0    Dex: 17    Spells: 2/2 levels left

rFire   . . .      SeeInvis .   a - +0 falchion
rCold   . . .      Faith    .   (no shield)
rNeg    . . .      Spirit   .   i - +0 leather armour
rPois   .          Reflect  .   (no helmet)
rElec   .          Harm     .   (no cloak)
rCorr   .          Rampage  .   (no gloves)
Will    .....                   (no boots)
Stlth   +.........              (no amulet)
HPRegen 0.10/turn               (no ring)
MPRegen 0.09/turn               (no ring)

@: glowing
A: sense surroundings 1, otherworldly, glowing, explore regen
a: no special abilities


You were on level 2 of the Dungeon.
You visited 1 branch of the dungeon, and saw 2 of its levels.

You collected 17 gold pieces.

Inventory:

Hand Weapons
 a - a +0 falchion (weapon)
Missiles
 h - 5 stones (quivered)
Armour
 b - a +0 robe
 f - a +0 robe
 g - a +0 ring mail
 i - a +0 leather armour (worn)
 j - a +0 scale mail
Scrolls
 e - a scroll of enchant armour {unknown}
Potions
 c - a potion of ambrosia
 d - a potion of lignification {unknown}


   Skills:
 + Level 3.5 Fighting
 + Level 4.2 Long Blades
 + Level 4.0 Dodging
 + Level 1.5 Stealth


You had 2 spell levels left.
You didn't know any spells.
Your spell library was empty.

Dungeon Overview and Level Annotations

Branches:
Dungeon (2/15) Zot: 616

Altars:


Innate Abilities, Weirdness & Mutations

You passively map a small area around you.
You are easily found by Zot.
You glow in the dark.
You regain HP and MP as you explore.


Message History

Zot draws nearer.
Dive deeper or flee this branch before you suffer!
There is an escape hatch in the floor here.
You slide downwards.
The hatch slams shut behind you.
As you enter the new level, Zot loses track of you.
The endoplasm quivers.
The orc shouts! x2; The orc wizard shouts!
The orc shouts! x2
Found a scroll labelled LONOZA JOGECK.
Found an escape hatch in the ceiling.
You see here a +0 ring mail.
You barely miss the orc wizard.
The orc wizard hits you but does no damage.
The orc hits you with a +0 short sword. The orc hits you but does no damage.
You hit the orc but do no damage. The orc misses you.
The orc barely misses you. The orc closely misses you.
You hit the orc but do no damage. The orc closely misses you.
The orc barely misses you. x2
You barely miss the orc. The orc closely misses you.
The orc wizard hits you with a +0 dagger.
The orc barely misses you.
You hit the orc.
The orc is severely wounded.
The orc hits you with a +0 war axe. The orc barely misses you.
The orc wizard hits you but does no damage.
The orc hits you but does no damage. The orc hits you with a +0 hand axe.
You hit the orc.
You kill the orc!
The orc wizard hits you with a +0 dagger.
The orc hits you with a +0 war axe.
* * * LOW HITPOINT WARNING * * *
The orc hits you with a +0 short sword.
* * * LOW HITPOINT WARNING * * *
The orc misses you.
You slash the endoplasm!
You kill the endoplasm!
The orc hits you but does no damage.
The orc wizard hits you but does no damage.
The orc hits you with a +0 war axe.
* * * LOW HITPOINT WARNING * * *
The orc hits you with a +0 hand axe.
You die...

* * * * * ,.##
* * .... , * *
#...## *
,#...#### , ,
##.)@o######
#..ooo.....#
#...[<.....# *
..............#
,
.###........?.#
, ############
, * , * ,


You could see an orc wizard and 3 orcs.

Vanquished Creatures
  A dart slug (D:1)
  An orc (D:2)
  A bat (D:1)
  3 endoplasms
  4 goblins (D:1)
  3 hobgoblins (D:1)
  A ball python (D:1)
  A frilled lizard (D:1)
  A kobold (D:1)
  3 rats (D:1)
19 creatures vanquished.

Notes
Turn   | Place    | Note
-------+----------+-------------------------------------------
     0 | D:1      | lesbiats the Meteoran Monk began the quest for the Orb.
     0 | D:1      | Reached XP level 1. HP: 19/19 MP: 2/2
   381 | D:1      | Reached XP level 2. HP: 25/26 MP: 3/3
   459 | D:1      | Reached XP level 3. HP: 17/31 MP: 4/4
   496 | D:1      | Glimpsed the power of Zot.
   546 | D:1      | Glimpsed the power of Zot.
   578 | D:2      | Slain by an orc

Illustrated notes

Levels and vault maps discovered:
D:1:      mushboom_english_gardens, layout_rooms,
          hellmonk_ecumenical_altar_leap_of_faith
D:2:      layout_rooms

Skill      XL: |  1  2  3 |
---------------+----------+-----
Long Blades    | 4 |  4.2
Dodging        | 4 |  4.0
Fighting       | |  3.5
Stealth        | |  1.5

Action                   || total
-------------------------++-------
Melee: Falchion          ||    48
Armor: Leather armour    ||    12
Dodge: Dodged            ||    33

Table legend: (Time is in decaauts)
 A = Elapsed time spent in this place.
 B = Non-inter-level travel time spent in this place.
 C = Inter-level travel time spent in this place.
 D = Time resting spent in this place.
 E = Time spent auto-exploring this place.
 F = Levels seen in this place.
 G = Mean time per level.
                   A        B        C        D        E       F      G
               +--------+--------+--------+--------+--------+-----+--------+
         Total |    582 |    582 |      0 |    224 |     13 |   2 |  291.0 |
       Dungeon |    582 |    582 |      0 |    224 |     13 |   2 |  291.0 |
               +--------+--------+--------+--------+--------+-----+--------+

Top non-repeatable levels by time:
     D:1: 573 daAuts
     D:2: 9 daAuts
